Workbook
Name GRANESTRAT: '[1]Analisis estratégico'!#REF!
Name respuesta: '[1]Analisis estratégico'!#REF!

Sheet Indice
B2: NUOVE ATTIVITà IMPRENDITORIALI ARTIGIANATO INNOVATIVO
B4: Input | D4: Output
B5: Budget anno 1 | D5: Flusso di cassa
B6: Budget a tre anni | D6: Conto Economico

Sheet Budget anno 1
B1: Valor Producto o Servicio (und) | C1: 1000
B2: Unidades promedio mes | C2: 20
B3: Tracción | C3: 0.1
B4: Unidades por terceros promedio mes | C4: 10
B5: Porcentaje de comisión | C5: 0.5
B7: ventas | C7: hipotesis
B8: Ricavi | C8: Ipotesi | D8: Totale | E8: M1 | F8: M2 | G8: M3 | H8: M4 | I8: M5 | J8: M6 | K8: M7 | L8: M8 | M8: M9 | N8: M10 | O8: M11 | P8: M12 | Q8: anno 1 | R8: anno 2 | S8: anno 3
B10: Ingreso por paquetes propios | D10: =SUM(E10:P10) -> 240000 | E10: =+$C$1*$C$2 -> 20000 | F10: =+$C$1*$C$2 -> 20000 | G10: =+$C$1*$C$2 -> 20000 | H10: =+$C$1*$C$2 -> 20000 | I10: =+$C$1*$C$2 -> 20000 | J10: =+$C$1*$C$2 -> 20000 | K10: =+$C$1*$C$2 -> 20000 | L10: =+$C$1*$C$2 -> 20000 | ... P10: =+$C$1*$C$2 -> 20000 | Q10: =+$C$1*$C$2*12 -> 240000 | R10: =+$C$1*$C$2 -> 20000 | S10: =+$C$1*$C$2 -> 20000
B11: Ingreso por terceros | D11: =SUM(E11:P11) -> 96000 | E11: =+($C$4*$C$1)*0.8 -> 8000 | F11: =+($C$4*$C$1)*0.8 -> 8000 | G11: =+($C$4*$C$1)*0.8 -> 8000 | H11: =+($C$4*$C$1)*0.8 -> 8000 | I11: =+($C$4*$C$1)*0.8 -> 8000 | J11: =+($C$4*$C$1)*0.8 -> 8000 | K11: =+($C$4*$C$1)*0.8 -> 8000 | L11: =+($C$4*$C$1)*0.8 -> 8000 | ... S11: =+($C$4*$C$1)*0.8 -> 8000
B12: Tracción | D12: =SUM(E12:P12) -> 12000 | K12: =+$C$2*$C$3*$C$1 -> 2000 | L12: =+$C$2*$C$3*$C$1 -> 2000 | M12: =+$C$2*$C$3*$C$1 -> 2000 | N12: =+$C$2*$C$3*$C$1 -> 2000 | O12: =+$C$2*$C$3*$C$1 -> 2000 | P12: =+$C$2*$C$3*$C$1 -> 2000 | Q12: =+$C$2*$C$3*$C$1 -> 2000 | R12: =+$C$2*$C$3*$C$1 -> 2000 | S12: =+$C$2*$C$3*$C$1 -> 2000
B14: Totale | D14: =SUM(E14:P14) -> 348000 | E14: =SUM(E10:E12) -> 28000 | F14: =SUM(F10:F12) -> 28000 | G14: =SUM(G10:G12) -> 28000 | H14: =SUM(H10:H12) -> 28000 | I14: =SUM(I10:I12) -> 28000 | J14: =SUM(J10:J12) -> 28000 | K14: =SUM(K10:K12) -> 30000 | L14: =SUM(L10:L12) -> 30000 | ... S14: =SUM(S10:S12) -> 30000
B16: Marketing | E16: M1 | F16: M2 | G16: M3 | H16: M4 | I16: M5 | J16: M6 | K16: M7 | L16: M8 | M16: M9 | N16: M10 | O16: M11 | P16: M12 | Q16: M12 | R16: M12 | S16: M12
B17: Advertising Online | D17: =SUM(E17:P17) -> 0 | F17: =E17 -> 0 | G17: =F17 -> 0 | H17: =G17 -> 0 | I17: =H17 -> 0 | J17: =I17 -> 0 | K17: =J17 -> 0 | L17: =K17 -> 0 | M17: =L17 -> 0 | ... S17: =R17 -> 0
B18: Advertising Offline | D18: =SUM(E18:P18) -> 0
B19: xxx
B20: xxx
B22: Totale | D22: =SUM(D17:D21) -> 0 | E22: =SUM(E17:E21) -> 0 | F22: =SUM(F17:F21) -> 0 | G22: =SUM(G17:G21) -> 0 | H22: =SUM(H17:H21) -> 0 | I22: =SUM(I17:I21) -> 0 | J22: =SUM(J17:J21) -> 0 | K22: =SUM(K17:K21) -> 0 | ... S22: =SUM(S17:S21) -> 0
B24: Amministrazione generale | E24: M1 | F24: M2 | G24: M3 | H24: M4 | I24: M5 | J24: M6 | K24: M7 | L24: M8 | M24: M9 | N24: M10 | O24: M11 | P24: M12 | Q24: M12 | R24: M12 | S24: M12
B25: Ufficio | D25: =SUM(E25:P25) -> 0 | F25: =E25 -> 0 | G25: =F25 -> 0 | H25: =G25 -> 0 | I25: =H25 -> 0 | J25: =I25 -> 0 | K25: =J25 -> 0 | L25: =K25 -> 0 | M25: =L25 -> 0 | ... S25: =R25 -> 0
B26: Gastos Variables | C26: 0.025 | D26: =SUM(E26:P26) -> 8700 | E26: ='Budget anno 1'!E14*'Budget anno 1'!C26 -> 700 | F26: ='Budget anno 1'!F14*'Budget anno 1'!$C$26 -> 700 | G26: ='Budget anno 1'!G14*'Budget anno 1'!$C$26 -> 700 | H26: ='Budget anno 1'!H14*'Budget anno 1'!$C$26 -> 700 | I26: ='Budget anno 1'!I14*'Budget anno 1'!$C$26 -> 700 | J26: ='Budget anno 1'!J14*'Budget anno 1'!$C$26 -> 700 | K26: ='Budget anno 1'!K14*'Budget anno 1'!$C$26 -> 750 | L26: ='Budget anno 1'!L14*'Budget anno 1'!$C$26 -> 750 | M26: ='Budget anno 1'!M14*'Budget anno 1'!$C$26 -> 750 | ... S26: ='Budget anno 1'!S14*'Budget anno 1'!$C$26 -> 750
B27: xxx
B28: xxx
B29: Consulenze legali e amm.ve | D29: =SUM(E29:P29) -> 0
B31: Totale | D31: =SUM(D25:D29) -> 8700 | E31: =SUM(E25:E29) -> 700 | F31: =SUM(F25:F29) -> 700 | G31: =SUM(G25:G29) -> 700 | H31: =SUM(H25:H29) -> 700 | I31: =SUM(I25:I29) -> 700 | J31: =SUM(J25:J29) -> 700 | K31: =SUM(K25:K29) -> 750 | ... S31: =SUM(S25:S29) -> 750
B33: Nuevos Negocios | E33: M1 | F33: M2 | G33: M3 | H33: M4 | I33: M5 | J33: M6 | K33: M7 | L33: M8 | M33: M9 | N33: M10 | O33: M11 | P33: M12 | Q33: M12 | R33: M12 | S33: M12
B34: Trade Marketing | D34: =SUM(E34:P34) -> 0
B36: Totale | D36: =SUM(D34:D35) -> 0 | E36: =SUM(E34:E35) -> 0 | F36: =SUM(F34:F35) -> 0 | G36: =SUM(G34:G35) -> 0 | H36: =SUM(H34:H35) -> 0 | I36: =SUM(I34:I35) -> 0 | J36: =SUM(J34:J35) -> 0 | K36: =SUM(K34:K35) -> 0 | ... S36: =SUM(S34:S35) -> 0
B38: Salari | E38: M1 | F38: M2 | G38: M3 | H38: M4 | I38: M5 | J38: M6 | K38: M7 | L38: M8 | M38: M9 | N38: M10 | O38: M11 | P38: M12 | Q38: M12 | R38: M12 | S38: M12
B39: Marketing | D39: =SUM(E39:P39) -> 0 | F39: =E39 -> 0 | G39: =F39 -> 0 | H39: =G39 -> 0 | I39: =H39 -> 0 | J39: =I39 -> 0 | K39: =J39 -> 0 | L39: =K39 -> 0 | M39: =L39 -> 0 | ... S39: =R39 -> 0
B40: Commerciale | D40: =SUM(E40:P40) -> 0 | F40: =E40 -> 0 | G40: =F40 -> 0 | H40: =G40 -> 0 | I40: =H40 -> 0 | J40: =I40 -> 0 | K40: =J40 -> 0 | L40: =K40 -> 0 | M40: =L40 -> 0 | ... S40: =R40 -> 0
B41: Operativos | F41: =E41 -> 0 | G41: =F41 -> 0 | H41: =G41 -> 0 | I41: =H41 -> 0 | J41: =I41 -> 0 | K41: =J41 -> 0 | L41: =K41 -> 0 | M41: =L41 -> 0 | ... S41: =R41 -> 0
B42: xxx | F42: =E42 -> 0 | G42: =F42 -> 0 | H42: =G42 -> 0 | I42: =H42 -> 0 | J42: =I42 -> 0 | K42: =J42 -> 0 | L42: =K42 -> 0 | M42: =L42 -> 0 | ... S42: =R42 -> 0
B43: xxx | F43: =E43 -> 0 | G43: =F43 -> 0 | H43: =G43 -> 0 | I43: =H43 -> 0 | J43: =I43 -> 0 | K43: =J43 -> 0 | L43: =K43 -> 0 | M43: =L43 -> 0 | ... S43: =R43 -> 0
B44: Sviluppatore | D44: =SUM(E44:P44) -> 0 | F44: =E44 -> 0 | G44: =F44 -> 0 | H44: =G44 -> 0 | I44: =H44 -> 0 | J44: =I44 -> 0 | K44: =J44 -> 0 | L44: =K44 -> 0 | M44: =L44 -> 0 | ... S44: =R44 -> 0
B46: Totale | D46: =SUM(E46:P46) -> 0 | E46: =SUM(E39:E44) -> 0 | F46: =SUM(F39:F44) -> 0 | G46: =SUM(G39:G44) -> 0 | H46: =SUM(H39:H44) -> 0 | I46: =SUM(I39:I44) -> 0 | J46: =SUM(J39:J44) -> 0 | K46: =SUM(K39:K44) -> 0 | L46: =SUM(L39:L44) -> 0 | ... S46: =SUM(S39:S44) -> 0

Sheet Budget a tre anni
B2: Ricavi | D2: anno 1 | E2: anno 2 | F2: anno 3 | G2: anno 4 | J2: anno 2 | K2: anno 3 | L2: anno 4 | M2: Crescita media
I3: Valor Producto o Servicio (und) | J3: 1050 | K3: 1100 | L3: 1200 | M3: Anno | N3: Crescita
B4: Ingreso por paquetes propios | C4: =D4/D12 -> #DIV/0! | D4: =+'Budget anno 1'!D10 -> 240000 | E4: =+J3*J4*12 -> 315000 | F4: =+K3*K4*12 -> 330000 | G4: =+L3*L4*12 -> 360000 | I4: Unidades promedio mes | J4: 25 | K4: 25 | L4: 25 | M4: 0
B5: Ingreso por terceros | D5: =+'Budget anno 1'!D11 -> 96000 | E5: =+(J3*J6)*(0.8)*12 -> 50400 | F5: =+(K3*K6)*(0.8)*12 -> 52800 | G5: =+(L3*L6)*(0.8)*12 -> 57600 | I5: Tracción | J5: 0.1 | K5: 0.1 | L5: 0.1 | M5: 1 | N5: =+(E4-D4)/D4 -> 0.3125
B6: Tracción | D6: =+'Budget anno 1'!D12 -> 12000 | E6: =+D4*J5 -> 24000 | F6: =+E4*K5 -> 31500 | G6: =+F4*L5 -> 33000 | I6: Unidades por terceros promedio mes | J6: 5 | K6: 5 | L6: 5 | M6: 2 | N6: =+(F4-E4)/E4 -> 0.047619048
I7: Porcentaje de comisión | J7: 0.2 | K7: 0.2 | L7: 0.2 | M7: 3 | N7: =+(G4-F4)/F4 -> 0.090909091
B8: Totale | D8: =SUM(D4:D6) -> 348000 | E8: =SUM(E4:E6) -> 389400 | F8: =SUM(F4:F6) -> 414300 | G8: =SUM(G4:G6) -> 450600 | M8: Total | N8: =AVERAGE(N5:N7) -> 0.15034271 | O8: =IF(N8<=0.2,1,IF(AND(N8>0.2,N8<0.25),2,3)) -> 1
B10: Costi
B12: Marketing | D12: =SUM(D13:D14) -> 0 | E12: =SUM(E13:E14) -> 0 | F12: =SUM(F13:F14) -> 0 | G12: =SUM(G13:G14) -> 0
B13: Advertising Online | D13: ='Budget anno 1'!D17 -> 0
B14: Advertising Offline | D14: ='Budget anno 1'!D18 -> 0
B16: Amministrazione generale | D16: =SUM(D17:D19) -> 8700 | E16: =SUM(E17:E19) -> 9735 | F16: =SUM(F17:F19) -> 10357.5 | G16: =SUM(G17:G19) -> 11265
B17: Ufficio | D17: ='Budget anno 1'!D25 -> 0
B18: Altre spese | C18: =D18/D8 -> 0.025 | D18: ='Budget anno 1'!D26 -> 8700 | E18: =E8*$C$18 -> 9735 | F18: =F8*$C$18 -> 10357.5 | G18: =G8*$C$18 -> 11265
B19: Consulenza legali e amm.ve | D19: ='Budget anno 1'!D29 -> 0
B21: R&D | D21: =SUM(D22:D23) -> 0 | E21: =SUM(E22:E23) -> 0 | F21: =SUM(F22:F23) -> 0 | G21: =SUM(G22:G23) -> 0
B22: Consulenze tecniche | D22: ='Budget anno 1'!D34 -> 0
B24: Salari | D24: =SUM(D25:D27) -> 0 | E24: =SUM(E25:E27) -> 0 | F24: =SUM(F25:F27) -> 0 | G24: =SUM(G25:G27) -> 0
B25: Marketing | D25: ='Budget anno 1'!D39 -> 0
B26: Commerciale | D26: ='Budget anno 1'!D40 -> 0
B27: Sviluppatore | D27: ='Budget anno 1'!D44 -> 0
B29: Totale costi | D29: =+D12+D16+D21+D24 -> 8700 | E29: =+E12+E16+E21+E24 -> 9735 | F29: =+F12+F16+F21+F24 -> 10357.5 | G29: =+G12+G16+G21+G24 -> 11265

Sheet Flusso di cassa
B2: Inversión | C2: 100000
B4: Flusso di cassa 2019 | C4: Totale | D4: M1 | E4: M2 | F4: M3 | G4: M4 | H4: M5 | I4: M6 | J4: M7 | K4: M8 | L4: M9 | M4: M10 | N4: M11 | O4: M12 | P4: Anno 1 | Q4: Anno 2 | R4: Anno 3
B6: Ricavi | C6: =C7+C8 -> 348000 | D6: =D7+D8 -> 28000 | E6: =E7+E8 -> 28000 | F6: =F7+F8 -> 28000 | G6: =G7+G8 -> 28000 | H6: =H7+H8 -> 28000 | I6: =I7+I8 -> 28000 | J6: =J7+J8 -> 30000 | ... O6: =O7+O8 -> 30000 | P6: =+'Budget a tre anni'!E8 -> 389400 | Q6: =+'Budget a tre anni'!F8 -> 414300 | R6: =+'Budget a tre anni'!G8 -> 450600
B7: Ricavi netti | C7: ='Budget anno 1'!D14 -> 348000 | D7: ='Budget anno 1'!E14 -> 28000 | E7: ='Budget anno 1'!F14 -> 28000 | F7: ='Budget anno 1'!G14 -> 28000 | G7: ='Budget anno 1'!H14 -> 28000 | H7: ='Budget anno 1'!I14 -> 28000 | I7: ='Budget anno 1'!J14 -> 28000 | J7: ='Budget anno 1'!K14 -> 30000 | ... R7: ='Budget anno 1'!S14 -> 30000
B8: Contributi | C8: =SUM(D8:O8) -> 0
B10: Costi | C10: =SUM(C11:C14) -> 8700 | D10: =SUM(D11:D14) -> 700 | E10: =SUM(E11:E14) -> 700 | F10: =SUM(F11:F14) -> 700 | G10: =SUM(G11:G14) -> 700 | H10: =SUM(H11:H14) -> 700 | I10: =SUM(I11:I14) -> 700 | J10: =SUM(J11:J14) -> 750 | ... O10: =SUM(O11:O14) -> 750 | P10: =+'Budget a tre anni'!E29 -> 9735 | Q10: =+'Budget a tre anni'!F29 -> 10357.5 | R10: =+'Budget a tre anni'!G29 -> 11265
B11: Marketing | C11: =SUM(D11:O11) -> 0 | D11: ='Budget anno 1'!E22 -> 0 | E11: ='Budget anno 1'!F22 -> 0 | F11: ='Budget anno 1'!G22 -> 0 | G11: ='Budget anno 1'!H22 -> 0 | H11: ='Budget anno 1'!I22 -> 0 | I11: ='Budget anno 1'!J22 -> 0 | J11: ='Budget anno 1'!K22 -> 0 | K11: ='Budget anno 1'!L22 -> 0 | ... R11: ='Budget anno 1'!S22 -> 0
B12: Amministrazione generale | C12: =SUM(D12:O12) -> 8700 | D12: ='Budget anno 1'!E31 -> 700 | E12: ='Budget anno 1'!F31 -> 700 | F12: ='Budget anno 1'!G31 -> 700 | G12: ='Budget anno 1'!H31 -> 700 | H12: ='Budget anno 1'!I31 -> 700 | I12: ='Budget anno 1'!J31 -> 700 | J12: ='Budget anno 1'!K31 -> 750 | K12: ='Budget anno 1'!L31 -> 750 | ... R12: ='Budget anno 1'!S31 -> 750
B13: Ricerca e sviluppo | C13: =SUM(D13:O13) -> 0 | D13: ='Budget anno 1'!E36 -> 0 | E13: ='Budget anno 1'!F36 -> 0 | F13: ='Budget anno 1'!G36 -> 0 | G13: ='Budget anno 1'!H36 -> 0 | H13: ='Budget anno 1'!I36 -> 0 | I13: ='Budget anno 1'!J36 -> 0 | J13: ='Budget anno 1'!K36 -> 0 | K13: ='Budget anno 1'!L36 -> 0 | ... R13: ='Budget anno 1'!S36 -> 0
B14: Salari | C14: =SUM(D14:O14) -> 0 | D14: ='Budget anno 1'!E46 -> 0 | E14: ='Budget anno 1'!F46 -> 0 | F14: ='Budget anno 1'!G46 -> 0 | G14: ='Budget anno 1'!H46 -> 0 | H14: ='Budget anno 1'!I46 -> 0 | I14: ='Budget anno 1'!J46 -> 0 | J14: ='Budget anno 1'!K46 -> 0 | K14: ='Budget anno 1'!L46 -> 0 | ... R14: ='Budget anno 1'!S46 -> 0
B16: Burn rate | C16: =SUM(D16:O16) -> -8700 | D16: =-SUM(D11:D14) -> -700 | E16: =-SUM(E11:E14) -> -700 | F16: =-SUM(F11:F14) -> -700 | G16: =-SUM(G11:G14) -> -700 | H16: =-SUM(H11:H14) -> -700 | I16: =-SUM(I11:I14) -> -700 | J16: =-SUM(J11:J14) -> -750 | K16: =-SUM(K11:K14) -> -750 | ... O16: =-SUM(O11:O14) -> -750 | P16: =+P10 -> 9735 | Q16: =+Q10 -> 10357.5 | R16: =+R10 -> 11265
B17: Cash flow | D17: =D6+(D16) -> 27300 | E17: =E6+(E16) -> 27300 | F17: =F6+(F16) -> 27300 | G17: =G6+(G16) -> 27300 | H17: =H6+(H16) -> 27300 | I17: =I6+(I16) -> 27300 | J17: =J6+(J16) -> 29250 | K17: =K6+(K16) -> 29250 | ... R17: =R6+(R16) -> 461865
B18: Cumulative Cash Flow | D18: =D17 -> 27300 | E18: =D18+E17 -> 54600 | F18: =E18+F17 -> 81900 | G18: =F18+G17 -> 109200 | H18: =G18+H17 -> 136500 | I18: =H18+I17 -> 163800 | J18: =I18+J17 -> 193050 | K18: =J18+K17 -> 222300 | L18: =K18+L17 -> 251550 | ... R18: =Q18+R17 -> 1624957.5
B20: Financial Need | C20: =-MIN(D18:O18)*(1.45) -> -39585 | D20: TIR
B21: Amministrazione generale | C21: =-(C12/$C$16) -> 1 | D21: Investimento | E21: =+D4 -> M1 | F21: =+E4 -> M2 | G21: =+F4 -> M3 | H21: =+G4 -> M4 | I21: =+H4 -> M5 | J21: =+I4 -> M6 | K21: =+J4 -> M7 | L21: =+K4 -> M8 | ... S21: =+R4 -> Anno 3 | T21: TIR
B22: R&D | C22: =-(C13)/($C$16) -> 0 | D22: =+-C2 -> -100000 | E22: =+D17 -> 27300 | F22: =+E17 -> 27300 | G22: =+F17 -> 27300 | H22: =+G17 -> 27300 | I22: =+H17 -> 27300 | J22: =+I17 -> 27300 | K22: =+J17 -> 29250 | L22: =+K17 -> 29250 | ... S22: =+R17 -> 461865 | T22: =IRR(D22:S22) -> 0.34089211
B23: Marketing | C23: =-(C11)/$C$16 -> 0
B24: Totale | C24: =C21+C22+C23 -> 1

Sheet Conto Economico
B2: CONTO ECONOMICO | C2: anno 0 | D2: anno 1 | E2: anno 2 | F2: anno 3
G3: 3
B5: (A) Valore della produzione | C5: =C6+C7 -> 348000 | D5: =D6+D7 -> 389400 | E5: =E6+E7 -> 414300 | F5: =F6+F7 -> 450600
B6: Ricavi delle vendite e delle prestazioni | C6: ='Budget anno 1'!D14 -> 348000 | D6: =+'Budget a tre anni'!E8 -> 389400 | E6: =+'Budget a tre anni'!F8 -> 414300 | F6: =+'Budget a tre anni'!G8 -> 450600
B7: Altri ricavi e proventi
B9: (B) Costi della produzione | C9: =SUM(C10:C17) -> 8700 | D9: =SUM(D10:D17) -> 9735 | E9: =SUM(E10:E17) -> 10357.5 | F9: =SUM(F10:F17) -> 11265
B10: Materie prime e merci
B11: Servizi | C11: ='Budget anno 1'!D17+'Budget anno 1'!D18+'Budget anno 1'!D34+'Budget anno 1'!D29 -> 0 | D11: ='Budget a tre anni'!E12+'Budget a tre anni'!E19+'Budget a tre anni'!E22 -> 0 | E11: ='Budget a tre anni'!F12+'Budget a tre anni'!F19+'Budget a tre anni'!F22 -> 0 | F11: ='Budget a tre anni'!G12+'Budget a tre anni'!G19+'Budget a tre anni'!G22 -> 0
B12: Accantonamenti per rischi
B13: Godimento di beni di terzi | C13: ='Budget anno 1'!D25 -> 0 | D13: ='Budget a tre anni'!E17 -> 0 | E13: ='Budget a tre anni'!F17 -> 0 | F13: ='Budget a tre anni'!G17 -> 0
B14: Altri accantonamenti (TFR) | C14: =C15/13.5 -> 0 | D14: =C14+((C15/13.5)*(1+0.000075)) -> 0 | E14: =D14+((D15/13.5)*(1+0.000075)) -> 0 | F14: =E14+((E15/13.5)*(1+0.000075)) -> 0
B15: Personale | C15: ='Budget anno 1'!D46 -> 0 | D15: ='Budget a tre anni'!E24 -> 0 | E15: ='Budget a tre anni'!F24 -> 0 | F15: ='Budget a tre anni'!G24 -> 0
B16: Oneri di gestione | C16: =+'Budget anno 1'!D26 -> 8700 | D16: =+'Budget a tre anni'!E18 -> 9735 | E16: =+'Budget a tre anni'!F18 -> 10357.5 | F16: =+'Budget a tre anni'!G18 -> 11265
B17: Ammortamenti e svalutazioni
B19: A - B (MOL) | C19: =C5-C9 -> 339300 | D19: =D5-D9 -> 379665 | E19: =E5-E9 -> 403942.5 | F19: =F5-F9 -> 439335
B21: (C) Proventi e oneri finanziari | C21: =SUM(C22:C24) -> 0 | D21: =SUM(D22:D24) -> 0 | E21: =SUM(E22:E24) -> 0 | F21: =SUM(F22:F24) -> 0
B22: Proventi da partecipazioni | C22: 0 | D22: 0 | E22: 0 | F22: 0
B23: Altri proventi finanziari | C23: 0 | D23: 0 | E23: 0 | F23: 0
B24: Interessi e altri oneri finanziari | C24: 0 | D24: 0 | E24: 0 | F24: 0
B26: (D) Rettifica attività finanziarie | C26: =SUM(C27:C29) -> 0 | D26: =SUM(D27:D29) -> 0 | E26: =SUM(E27:E29) -> 0 | F26: =SUM(F27:F29) -> 0
B27: Rivalutazioni | C27: 0 | D27: 0 | E27: 0 | F27: 0
B28: Svalutazioni | C28: 0 | D28: 0 | E28: 0 | F28: 0
B29: Proventi e oneri straordinari | C29: 0 | D29: 0 | E29: 0 | F29: 0
B31: Risultato ante imposte | C31: =C19-C21-C26 -> 339300 | D31: =D19-D21-D26 -> 379665 | E31: =E19-E21-E26 -> 403942.5 | F31: =F19-F21-F26 -> 439335 | H31: Tasse
B32: Imposte sul reddito d´esercizio | C32: =C31*$H$32 -> 67860 | D32: =D31*$H$32 -> 75933 | E32: =E31*$H$32 -> 80788.5 | F32: =F31*$H$32 -> 87867 | H32: 0.2
B33: Imposte
B35: Utili o perdite esercizio | C35: =C31-C32-C33 -> 271440 | D35: =D31-D32-D33 -> 303732 | E35: =E31-E32-E33 -> 323154 | F35: =F31-F32-F33 -> 351468
B37: EBITDA | C37: =+C19+C16 -> 348000 | D37: =+D19+D16 -> 389400 | E37: =+E19+E16 -> 414300 | F37: =+F19+F16 -> 450600
B39: M. Operativo | C39: =+C19/C5 -> 0.975 | D39: =+D19/D5 -> 0.975 | E39: =+E19/E5 -> 0.975 | F39: =+F19/F5 -> 0.975 | G39: =AVERAGE(C39:E39) -> 0.975 | H39: =IF(G39<=0.08,1,IF(AND(G39>0.08,G39<0.015),2,3)) -> 3
B40: Punto di equilibrio | C40: =+C19 -> 339300 | D40: =+D19 -> 379665 | E40: =+E19 -> 403942.5 | F40: =+F19 -> 439335 | G40: =IF(D40>0,3,IF(E40>0,2,IF(F40>0,1,1))) -> 3 | H40: =+G40 -> 3
